 Dungeon Crawl Stone Soup version 0.18.1-48-g4cf74bf (webtiles) character file.

35 UranusSolar the Grave Robber (level 3, -2/24 HPs)
             Began as a Demonspawn Necromancer on Sept 10, 2016.
             Slain by an adder (3 damage)
             ... on level 2 of the Dungeon on Sept 11, 2016.
             The game lasted 00:37:16 (1185 turns).

UranusSolar the Grave Robber (DsNe)                 Turns: 1185, Time: 00:37:17

Health: -2/24      AC:  2    Str:  8    XL:     3   Next: 16%
Magic:  1/6        EV: 12    Int: 17    God:
Gold:   57         SH:  0    Dex: 13    Spells: 2 memorised, 5 levels left

rFire  . . .     SeeInvis .     m - +2 dagger (flame)
rCold  . . .     Gourm    .     a - +0 robe
rNeg   . . .     Faith    .     (no shield)
rPois  .         Spirit   .     (no helmet)
rElec  .         Dismiss  .     (no cloak)
rCorr  .         Reflect  .     (no gloves)
SustAt .         Harm     .     (no boots)
MR     .....                    (no amulet)
Stlth  ++........               (no ring)
                                (no ring)

@: lethally poisoned (-2 -> -7), not resistant to hostile enchantments,
unstealthy
A: demonic guardian 1, rot immunity
a: no special abilities


You were on level 2 of the Dungeon.
You were not hungry.

You visited 1 branch of the dungeon, and saw 2 of its levels.

You collected 57 gold pieces.

Inventory:

Hand Weapons
 f - a +0 short sword
 i - a +0 dagger
 m - a +2 dagger of flaming (weapon)
Armour
 a - a +0 robe (worn)
 o - a +0 chain mail
Scrolls
 c - a scroll of identify {unknown}
 e - a scroll of random uselessness
 g - a scroll of enchant armour {unknown}
 j - a scroll of immolation {unknown}
 k - a scroll of remove curse {unknown}
 l - a scroll of fear {unknown}
Potions
 n - a potion of brilliance {unknown}
Books
 b - a book of Necromancy

   Spells                             Type                      Level
   a - Pain                           Necromancy                   1
   b - Animate Skeleton               Necromancy                   1
   c - Vampiric Draining              Necromancy                   3
   d - Regeneration                   Charms/Necromancy            3
   e - Animate Dead                   Necromancy                   4
   f - Control Undead                 Necromancy                   4


   Skills:
 * Level 1.0 Short Blades
 + Level 1.7 Dodging
 - Level 1.7 Stealth
 + Level 2.5 Spellcasting
 * Level 5.0 Necromancy


You had 5 spell levels left.
You knew the following spells:

 Your Spells              Type           Power        Failure   Level  Hunger
a - Pain                  Necr           ###.         2%          1    #......
b - Animate Skeleton      Necr           N/A          2%          1    #......


Dungeon Overview and Level Annotations

Branches:
Dungeon (2/15)

Altars:
Trog


Innate Abilities, Weirdness & Mutations

A weak demonic guardian rushes to your aid.
You are immune to rotting.


Message History

You hit the adder. You burn the adder.
The adder is almost dead.
* * * LOW HITPOINT WARNING * * *
You feel sick. The adder barely misses you.
Casting: Pain
Confirm with . or Enter, or press ? or * to list all spells.
You don't know that spell.
Unknown command.
You miss the adder.
The adder is almost dead.
Your butterfly disappears in a puff of smoke!
The adder bites you.
* * * LOW HITPOINT WARNING * * *
You hit the adder but do no damage.
The adder is almost dead.
* * * LOW HITPOINT WARNING * * *
You feel sick. The adder barely misses you. The worm misses you.
* * * LOW HITPOINT WARNING * * *
You feel sick. The adder bites you.
You die...

#..#.##.#......##....#
.###....................#
.....[.....#......##....#
...?..............##....#
............b#######....#
...............#####.#
............ยง#.#.....#
...............S.....#
.......)....<#w.@....#
............####....##
.....#.>...###......#
$######..#..........# .
#..#.###.....># ...#..#
#......# .....####......#
..............#
.#####....<.#


You could see a worm and an adder.

Vanquished Creatures
  An ooze (D:2)
  A worm (D:2)
  4 bats (D:1)
  5 giant cockroaches (D:1)
  4 goblins
  A hobgoblin (D:1)
  2 giant newts (D:1)
  2 kobolds (D:1)
  3 rats
23 creatures vanquished.

Vanquished Creatures (collateral kills)
  An ooze (D:1)
  A bat (D:1)
  2 giant newts (D:1)
4 creatures vanquished.

Grand Total: 27 creatures vanquished

Notes
Turn   | Place    | Note
--------------------------------------------------------------
     0 | D:1      | UranusSolar the Demonspawn Necromancer began the quest for the Orb.
     0 | D:1      | Reached XP level 1. HP: 13/13 MP: 3/3
     2 | D:1      | Learned a level 1 spell: Animate Skeleton
   409 | D:1      | Gained mutation: You are immune to rotting. [demonic ancestry]
   409 | D:1      | Reached XP level 2. HP: 12/19 MP: 5/5
  1080 | D:2      | Found a bloodstained altar of Trog.
  1131 | D:2      | Gained mutation: A weak demonic guardian rushes to your aid. [demonic ancestry]
  1131 | D:2      | Reached XP level 3. HP: 18/24 MP: 2/6
  1151 | D:2      | Reached skill level 1 in Short Blades
  1162 | D:2      | Reached skill level 5 in Necromancy
  1185 | D:2      | HP: 1/24 [poisoned by an adder]
  1185 | D:2      | Slain by an adder

Skill      XL: |  1  2  3 |
---------------+----------+-----
Short Blades   | 1 |  1.0
Necromancy     | 5 |  5.0
Dodging        | |  1.7
Stealth        | |  1.7
Spellcasting   | |  2.5

Action                   || total
-------------------------++-------
Melee: Dagger            ||    37
       Short sword       ||     7
       Unarmed           ||     2
 Cast: Pain              ||    25
       Animate Skeleton  ||     8
  Use: Potion            ||     2
       Scroll            ||     1
  Eat: Bread ration      ||     1
Armor: Robe              ||    20
Dodge: Dodged            ||    46
